 Dungeon Crawl Stone Soup version 0.26.1-11-gd32895ea62 (webtiles) character file.

Game seed: 17161282612591745585

3865 bnorton916 the Jinx (level 9, -4/45 HPs)
             Began as a Deep Elf Conjurer on July 19, 2021.
             Was a Priest of Sif Muna.
             Slain by a boulder beetle (17 damage)
             ... on level 7 of the Dungeon.
             The game lasted 00:20:06 (10483 turns).

bnorton916 the Jinx (Deep Elf Conjurer)            Turns: 10483, Time: 00:20:07

Health: -4/45      AC: 11    Str:  8    XL:     9   Next: 99%
Magic:  15/20      EV: 13    Int: 32    God:    Sif Muna [***...]
Gold:   366        SH:  0    Dex: 13    Spells: 5/21 levels left

rFire    . . .     SeeInvis .   k - +1 dagger (venom)
rCold    . . .     Faith    .   (no shield)
rNeg     . . .     Spirit   .   a - +0 robe
rPois    .         Reflect  .   c - +2 helmet
rElec    +         Harm     .   A - +0 cloak
rCorr    .         Rampage  .   n - +0 pair of gloves
Will     .....                  (no boots)
Stlth    ++........             I - amulet of regeneration
HPRegen  0.55/turn              D - +4 ring of protection
MPRegen  0.17/turn              B - ring "Lurhewky" {*Drain rElec Str+3 Int+6 Slay+2}

@: hasted, very quick
A: no striking features
a: Renounce Religion, Channel Magic, Forget Spell


You were on level 7 of the Dungeon.
You worshipped Sif Muna.
Sif Muna was most pleased with you.
You visited 2 branches of the dungeon, and saw 8 of its levels.

You collected 366 gold pieces.

Inventory:

Hand Weapons
 k - a +1 dagger of venom (weapon)
 r - a +3 short sword
 F - a +1 dagger of venom
 H - the +7 mace of Variability {chain chaos}
   (You found it on level 5 of the Dungeon)

   Each time it hits an enemy it has a different, random effect.
Missiles
 e - 198 stones
 s - 10 poisoned darts (quivered)
Armour
 a - a +0 robe (worn)
 c - a +2 helmet (worn)
 n - a +0 pair of gloves (worn)
 y - a scarf of resistance
 A - a +0 cloak (worn)
Jewellery
 q - a +6 ring of intelligence
 B - the ring "Lurhewky" (right hand) {*Drain rElec Str+3 Int+6 Slay+2}
   (You found it on level 4 of the Dungeon)

   [ring of intelligence]

   It affects your strength (+3).
   It affects your intelligence (+6).
   It affects your accuracy and damage with ranged weapons and melee attacks
   (+2).
   It insulates you from electricity.
   It causes draining when unequipped.
 D - a +4 ring of protection (left hand)
 I - an amulet of regeneration (around neck)
 K - an uncursed ring of poison resistance {unknown}
Wands
 w - a wand of iceblast (10)
 x - a wand of polymorph (9)
Scrolls
 h - 2 scrolls of noise
 j - 5 scrolls of remove curse
 l - a scroll of enchant armour {unknown}
 o - a scroll of fear {unknown}
 t - a scroll of random uselessness {unknown}
 v - a scroll of amnesia {unknown}
 N - a scroll of enchant weapon {unknown}
 O - a scroll of magic mapping {unknown}
Potions
 b - a potion of cancellation
 d - 4 potions of curing
 f - a potion of degeneration
 g - a potion of brilliance
 i - a potion of ambrosia
 m - a potion of berserk rage
 p - a potion of heal wounds {unknown}
 u - 2 potions of mutation
 E - a potion of might
 G - a potion of resistance
 J - a potion of invisibility {unknown}
 L - a potion of attraction {unknown}
 M - a potion of flight {unknown}


   Skills:
 - Level 2.4 Dodging
 - Level 2.4 Stealth
 - Level 6.5 Spellcasting
 - Level 7.0 Conjurations
 + Level 8.7 Hexes
 + Level 6.3 Summonings
 - Level 2.0 Necromancy
 + Level 7.2 Translocations
 + Level 6.1 Ice Magic


You had 5 spell levels left.
You knew the following spells:

 Your Spells              Type           Power        Failure   Level
a - Magic Dart            Conj           100%         1%          1
b - Searing Ray           Conj           100%         1%          2
c - Iskenderun's Mystic   Conj/Tloc      54%          2%          4
d - Fulminant Prism       Conj/Hex       28%          1%          4
e - Summon Ice Beast      Ice/Summ       50%          3%          4
f - Animate Skeleton      Necr           46%          1%          1

Your spell library contained the following spells:

 Spells                   Type           Power        Failure   Level
 Apportation              Tloc           100%         1%          1
 Corona                   Hex            66%          1%          1
 Summon Small Mammal      Summ           100%         1%          1
 Call Imp                 Summ           50%          1%          2
 Slow                     Hex            60%          1%          2
 Call Canine Familiar     Summ           50%          1%          3
 Dazzling Flash           Conj/Hex       100%         1%          3
 Portal Projectile        Hex/Tloc       100%         1%          3
 Summon Guardian Golem    Hex/Summ       55%          1%          3
 Cause Fear               Hex            30%          1%          4
 Inner Flame              Hex/Fire       38%          2%          3
 Leda's Liquefaction      Hex/Erth       19%          8%          4
 Summon Lightning Spire   Summ/Air       30%          12%         4


Dungeon Overview and Level Annotations

Branches:
Dungeon (7/15)             Temple (1/1) D:5

Altars:
Dithmenos
Elyvilon
Fedhas
Gozag
Makhleb
Ru
Sif Muna
Uskayaw
Xom
Yredelemnul
Zin
The Shining One

Shops:
D:6 (

Annotations:
D:3 2 transporters, Gorgoleon's ghost, amateur DECj


Message History

Aim: a boulder beetle (0% to evade)
The searing ray hits the boulder beetle!
The boulder beetle is lightly wounded. (Press . to maintain the ray.)
The boulder beetle bites you!!
Ouch! That really hurt!
The searing ray hits the boulder beetle but does no damage.
The boulder beetle is lightly wounded.
The boulder beetle bites you.
The searing ray hits the boulder beetle.
The boulder beetle is lightly wounded.
The boulder beetle misses you.
The searing ray hits the boulder beetle.
The boulder beetle is lightly wounded.
You finish channeling your searing ray.
The boulder beetle bites you!
* * * LOW HITPOINT WARNING * * *
Okay, then.
Okay, then.
You feel yourself speed up. The boulder beetle bites you!
You die...

### ###########..
. ##.##
#............ ###.
#.#.###.###.######
F... .###....).#.#
..# #.#.###.#.#.#
..# ##.##
#.....####### #.#
#.#
###.......@B####.#
#.#
#########......#
##.########
######........
#..........
#○#####.#
#..#######. #.#
#..# .B# #..####
#°# ......# #°#
#####.# ...


You could see a boulder beetle.

Vanquished Creatures
  A two-headed ogre (D:7)
  Grinder (D:5)
  Sigmund (D:6)
  A yak (D:7)
  Eustachio (D:4)
  An ice beast (D:7)
  2 sky beasts
  2 orc warriors
  2 phantoms
  2 ogres
  3 centaurs
  5 bullfrogs
  4 scorpions
  3 wights (D:6)
  3 howler monkeys
  A centaur zombie (D:5)
  2 bullfrog zombies
  4 orc priests
  Crazy Yiuf (D:6)
  4 hounds
  A jelly (D:7)
  2 orc wizards
  3 worker ants
  2 hound zombies
  A hound skeleton (D:4)
  12 adders
  A shadow imp (D:6)
  A white imp (D:5)
  5 oozes
  2 worms
  2 dart slugs
  2 leopard geckos
  14 orcs
  4 giant cockroaches
  7 goblins
  9 hobgoblins
  6 jackals
  10 kobolds
  6 quokkas
  A ball python (D:4)
  5 bats
  3 frilled lizards
  A jackal zombie (D:5)
  A leopard gecko skeleton (D:5)
  A quokka zombie (D:7)
  16 rats
162 creatures vanquished.

Vanquished Creatures (others)
  6 fulminant prisms
  6 plants (D:3)
12 creatures vanquished.

Grand Total: 174 creatures vanquished

Notes
Turn   | Place    | Note
-------+----------+-------------------------------------------
     0 | D:1      | bnorton916 the Deep Elf Conjurer began the quest for the
                  | Orb.
     0 | D:1      | Reached XP level 1. HP: 10/10 MP: 6/6
   329 | D:1      | Reached XP level 2. HP: 15/15 MP: 1/8
  1049 | D:2      | Reached skill level 5 in Conjurations
  1049 | D:2      | Reached XP level 3. HP: 19/19 MP: 6/10
  1589 | D:2      | Found a hide-covered altar of Uskayaw.
  1726 | D:2      | Reached XP level 4. HP: 24/24 MP: 9/12
  1932 | D:2      | Found a burning altar of Makhleb.
  2017 | D:2      | Found a shimmering blue altar of Sif Muna.
  2017 | D:2      | Found a glowing silver altar of Zin.
  2026 | D:2      | Became a worshipper of Sif Muna the Loreminder
  2072 | D:2      | Found a glowing golden altar of the Shining One.
  2130 | D:2      | Found a shimmering altar of Xom.
  2502 | D:3      | Learned a level 2 spell: Searing Ray
  2507 | D:3      | Learned a level 4 spell: Iskenderun's Mystic Blast
  2512 | D:3      | Learned a level 4 spell: Fulminant Prism
  2558 | D:3      | Found a transporter.
  2562 | D:3      | Noticed Gorgoleon's ghost (amateur DECj)
  2571 | D:3      | Identified the cursed +1 halberd "Jigemn" {venom, +Inv
                  | Stlth+}
  2602 | D:3      | Reached skill level 5 in Spellcasting
  3004 | D:3      | Found a transporter.
  3017 | D:3      | Noticed a centaur
  3024 | D:3      | Killed a centaur
  3025 | D:3      | Reached skill level 1 in Hexes
  3025 | D:3      | Reached skill level 1 in Translocations
  3025 | D:3      | Reached XP level 5. HP: 11/28 MP: 8/14
  3358 | D:3      | Reached * piety under Sif Muna
  3472 | D:3      | Reached skill level 2 in Hexes
  3805 | D:3      | Reached XP level 6. HP: 31/32 MP: 4/16
  3984 | D:3      | Found an opulent altar of Gozag.
  4113 | D:4      | Reached skill level 3 in Hexes
  4408 | D:4      | Got a smoking bone ring
  4423 | D:3      | Identified the ring "Lurhewky" {*Drain rElec Str+3 Int+6
                  | Slay+2} (You found it on level 4 of the Dungeon)
  4592 | D:4      | Found a blossoming altar of Fedhas.
  4659 | D:4      | Reached XP level 7. HP: 36/36 MP: 12/18
  4766 | D:4      | Reached skill level 4 in Hexes
  4773 | D:4      | Learned a level 4 spell: Summon Ice Beast
  4904 | D:4      | Noticed Eustachio
  5038 | D:4      | Killed Eustachio
  5039 | D:4      | Reached skill level 1 in Summonings
  5039 | D:4      | Reached skill level 1 in Ice Magic
  5678 | D:5      | Entered Level 5 of the Dungeon
  5786 | D:5      | Found a shadowy altar of Dithmenos.
  5798 | D:5      | Learned a level 1 spell: Animate Skeleton
  5942 | D:5      | Reached skill level 1 in Necromancy
  5943 | D:5      | Found the +7 mace of Variability {chain chaos}
  6050 | D:5      | Reached XP level 8. HP: 41/41 MP: 14/19
  6241 | D:5      | Reached ** piety under Sif Muna
  6259 | D:5      | Noticed Grinder
  6302 | D:4      | Reached skill level 5 in Hexes
  6730 | D:5      | Killed Grinder
  6877 | D:5      | Found a basalt altar of Yredelemnul.
  7203 | D:5      | Found a staircase to the Ecumenical Temple.
  7242 | Temple   | Entered the Ecumenical Temple
  7493 | D:6      | Reached skill level 6 in Hexes
  7493 | D:6      | Reached skill level 5 in Translocations
  7709 | D:6      | Found Xacaack's Antique Weapon Shop.
  7946 | D:6      | Found a runed translucent door.
  7946 | D:6      | Noticed Sigmund
  7947 | D:6      | Noticed Crazy Yiuf
  7968 | D:6      | Killed Sigmund
  8034 | D:6      | Reached XP level 9. HP: 35/45 MP: 6/20
  8648 | D:6      | Reached skill level 7 in Hexes
  9219 | D:6      | Killed Crazy Yiuf
  9395 | D:7      | Reached skill level 5 in Summonings
  9494 | D:7      | Reached skill level 5 in Ice Magic
  9697 | D:7      | Noticed a two-headed ogre
  9699 | D:7      | Noticed a white ugly thing
  9710 | D:7      | Killed a two-headed ogre
  9710 | D:7      | Reached *** piety under Sif Muna
  9711 | D:7      | Reached skill level 8 in Hexes
  9711 | D:7      | HP: 1/45 [white ugly thing (28)]
 10471 | D:7      | Noticed a boulder beetle
 10483 | D:7      | Slain by a boulder beetle

Illustrated notes

Levels and vault maps discovered:
D:1:      heliophobic_arrival_glass_houses, layout_loops_ring
D:2:      minmay_recursive_quarters, layout_basic,
          lemuel_coloured_pillars_altar, overflow_temple_1_default,
          lemuel_crystal_altar, gammafunk_temple_overflow_pools,
          lemuel_crystal_altar, st_stairs_5
D:3:      layout_loops_ring, marbit_many_paths, gammafunk_ghost_gnarly_gnolls,
          minmay_quantized
D:4:      layout_basic, overflow_temple_1_default, uniq_eustachio
D:5:      layout_loops_ring, general_overflow_altar, temple_doors_e,
          basic_altar, uniq_grinder
D:6:      layout_basic, serial_shops, nicolae_shop_crystal,
          grunt_decor_arrowhead, uniq_crazy_yiuf_cottage, uniq_sigmund
D:7:      minmay_the_grid_plus [minmay_the_grid_paths,
          minmay_the_grid_minigrid_small, minmay_the_grid_minigrid_medium,
          minmay_the_grid_embedded, minmay_the_grid_prize_big_room],
          layout_loops_ring, old_standard_altar, chequers_arboretum
Temple:   chequers_temple_sunken

Skill      XL: |  1  2  3  4  5  6  7  8  9 |
---------------+----------------------------+-----
Spellcasting   | 4 5 6 |  6.5
Conjurations   | 5 6 7 |  7.0
Hexes          | 1 2 3 4 6 8 |  8.7
Translocations | 1 2 3 4 5 7 |  7.2
Summonings     | 2 4 6 |  6.3
Ice Magic      | 1 4 6 |  6.1
Necromancy     | 1 2 |  2.0
Dodging        | |  2.4
Stealth        | |  2.4

Action                   |  1- 3 |  4- 6 |  7- 9 || total
-------------------------+-------+-------+-------++-------
Melee: Dagger            |       |       |    42 ||    42
Throw: Dart              |       |       |     4 ||     4
 Cast: Magic Dart        |    65 |   116 |   160 ||   341
       Searing Ray       |       |     4 |    25 ||    29
       Fulminant Prism   |       |       |     6 ||     6
       Iskenderun's Myst |       |       |     4 ||     4
       Animate Skeleton  |       |       |     5 ||     5
  Use: Scroll            |       |       |    15 ||    15
       Potion            |       |       |     1 ||     1
 Stab: Sleeping          |       |       |     1 ||     1
Armor: Robe              |     1 |     6 |    45 ||    52
Dodge: Dodged            |     2 |    28 |    62 ||    92
